MID
CHARLESTON RIVERDOGS @ WEST MICHIGAN WHITECAPS
05/19/2044
 
TOP OF THE 1ST
Charleston RiverDogs batting - Pitching for West Michigan Whitecaps : LHP Edwin Pacheco
Pitching: LHP Edwin Pacheco
Batting: LHB Tatsuo Yasui 0-0: Called Strike
0-1: Swinging Strike
0-2: Ball
1-2: Strikes out swinging, 2-3 out at first.
Batting: SHB Blake Abbott 0-0: Called Strike
0-1: Ball
1-1: Foul Ball, location: 2F
1-2: Ball
2-2: Ball
3-2: Foul Ball, location: 2F
3-2: Fly out, F9 (Line Drive, 9, EV 111.9 MPH)
Batting: RHB James Boynton 0-0: Ball
1-0: Ball
2-0: Ball
3-0: Base on Balls
Batting: SHB Reagan Dudley 0-0: Called Strike
0-1: Foul Ball, location: 2F
0-2: Ball
1-2: Ball
2-2: Ground out 4-3 (Groundball, 34, EV 90.6 MPH)
Top of the 1st over - 0 runs, 0 hits, 0 errors, 1 left on base; Charleston 0 - West Michigan 0
BOTTOM OF THE 1ST
West Michigan Whitecaps batting - Pitching for Charleston RiverDogs : RHP Danny Rasdall
Pitching: RHP Danny Rasdall
Batting: RHB Travis Newton 0-0: Ball
1-0: Swinging Strike
1-1: Ball
2-1: Foul Ball, location: 2F
2-2: Ball
3-2: Foul Ball, location: 2F
3-2: Base on Balls
Batting: RHB Jon Pierce 0-0: Reached on error, E2 (Groundball, 2R, EV 65.6 MPH)
Travis Newton to third
Batting: RHB Bill Cabrera 0-0: Fly out, F8 (Flyball, 89XD, EV 96.9 MPH)
Runner from 3rd tags up, SCORES, no throw by CF
Batting: RHB Dan Becvar 0-0: Ball
1-0: Ball
2-0: Foul Ball, location: 2F
2-1: SINGLE (Groundball, 25, EV 73.1 MPH) (infield hit)
Jon Pierce to third
Batting: SHB Andy Vivas 0-0: Swinging Strike
0-1: Ball
1-1: Ball
2-1: Swinging Strike
2-2: Strikes out swinging
Batting: LHB Gabe Mendez 0-0: Ball
1-0: Called Strike
1-1: Ball
2-1: DOUBLE (Flyball, 89XD, EV 99.4 MPH)
Jon Pierce scores
Dan Becvar to third
Batting: RHB Vince Chipman 0-0: Foul Ball, location: 2F
0-1: Ball
1-1: Ball
2-1: Ball
3-1: Base on Balls
Batting: RHB Tommy McDonald 0-0: Called Strike
0-1: Ball
1-1: Ball
2-1: SINGLE (Line Drive, 6MD, EV 103.1 MPH)
Dan Becvar scores
Gabe Mendez to third
Vince Chipman to second
Batting: RHB Rocky Hart 0-0: Ball
1-0: Fly out, F5 (Line Drive, 5, EV 68.8 MPH)
Bottom of the 1st over - 3 runs, 3 hits, 1 error, 3 left on base; Charleston 0 - West Michigan 3
TOP OF THE 2ND
Charleston RiverDogs batting - Pitching for West Michigan Whitecaps : LHP Edwin Pacheco
Batting: RHB Eric Blais 0-0: Ball
1-0: Ball
2-0: Foul Ball, location: 2F
2-1: Foul Ball, location: 2F
2-2: Ball
3-2: Foul Ball, location: 2F
3-2: Base on Balls
Batting: SHB Mike Goad 0-0: Called Strike
0-1: Ball
1-1: Ball
2-1: Foul Ball, location: 2F
2-2: Ball
3-2: Strikes out swinging
Batting: RHB Steve Martin 0-0: Called Strike
0-1: Called Strike
Eric Blais steals 2nd base
0-2: Strikes out looking
Batting: RHB Miguel Leal 0-0: Foul Ball, location: 2F
0-1: Ball
1-1: Fly out, F9 (Flyball, 9S, EV 98.1 MPH)
Top of the 2nd over - 0 runs, 0 hits, 0 errors, 1 left on base; Charleston 0 - West Michigan 3
BOTTOM OF THE 2ND
West Michigan Whitecaps batting - Pitching for Charleston RiverDogs : RHP Danny Rasdall
Batting: RHB Travis Newton 0-0: Called Strike
0-1: Foul Ball, location: 2F
0-2: Ball
1-2: Strikes out swinging
Batting: RHB Jon Pierce 0-0: Ball
1-0: Swinging Strike
1-1: Foul Ball, location: 2F
1-2: Ball
2-2: Strikes out swinging
Batting: RHB Bill Cabrera 0-0: Foul Ball, location: 2F
0-1: Ground out 5-3 (Groundball, 5, EV 83.1 MPH)
Bottom of the 2nd over - 0 runs, 0 hits, 0 errors, 0 left on base; Charleston 0 - West Michigan 3
TOP OF THE 3RD
Charleston RiverDogs batting - Pitching for West Michigan Whitecaps : LHP Edwin Pacheco
Batting: RHB Carlos Guadarrama 0-0: Ground out 6-3 (Groundball, 6D, EV 80.0 MPH)
Batting: LHB Tatsuo Yasui 0-0: Ball
1-0: Ball
2-0: Called Strike
2-1: Foul Ball, location: 2F
2-2: Ball
3-2: Ground out U3 (Groundball, 3S, EV 91.9 MPH)
Batting: SHB Blake Abbott 0-0: Called Strike
0-1: Ball
1-1: Foul Ball, location: 2F
1-2: Ball
2-2: Strikes out swinging
Top of the 3rd over - 0 runs, 0 hits, 0 errors, 0 left on base; Charleston 0 - West Michigan 3
BOTTOM OF THE 3RD
West Michigan Whitecaps batting - Pitching for Charleston RiverDogs : RHP Danny Rasdall
Batting: RHB Dan Becvar 0-0: Called Strike
0-1: SINGLE (Line Drive, 89S, EV 107.5 MPH)
Batting: SHB Andy Vivas 0-0: Ball
1-0: Called Strike
1-1: Ball
2-1: Ball
3-1: Fly out, F8 (Flyball, 8RD, EV 84.4 MPH)
Batting: LHB Gabe Mendez 0-0: SINGLE (Groundball, 3D, EV 96.2 MPH)
Dan Becvar to second
Runner from 2nd tries for 3rd, SAFE, throw by RF made to third
Batting: RHB Vince Chipman 0-0: Ball
1-0: Ball
2-0: Ball
3-0: Called Strike
3-1: Grounds into double play, 4-6-3 (Groundball, 34, EV 91.9 MPH)
Bottom of the 3rd over - 0 runs, 2 hits, 0 errors, 1 left on base; Charleston 0 - West Michigan 3
TOP OF THE 4TH
Charleston RiverDogs batting - Pitching for West Michigan Whitecaps : LHP Edwin Pacheco
Batting: RHB James Boynton 0-0: Ball
1-0: Ball
2-0: Ball
3-0: Called Strike
3-1: Base on Balls
Batting: SHB Reagan Dudley 0-0: Called Strike
0-1: Foul Ball, location: 2F
0-2: Ball
1-2: Ball
James Boynton steals 2nd, throwing error, E2
James Boynton to third
2-2: Ball
3-2: Base on Balls
Batting: RHB Eric Blais 0-0: Fielders Choice at 2nd, 5-4 (Groundball, 56D, EV 82.5 MPH)
James Boynton scores
Batting: SHB Mike Goad 0-0: Ball
Eric Blais steals 2nd base
1-0: Ball
Eric Blais steals 3rd base
2-0: Foul Ball, location: 2F
2-1: Ball
3-1: Called Strike
3-2: Foul Ball, location: 2F
3-2: SINGLE (Line Drive, 78M, EV 109.4 MPH)
Eric Blais scores
Batting: RHB Steve Martin 0-0: Called Strike
0-1: Ball
1-1: Ball
2-1: Foul Ball, location: 2F
2-2: Ball
3-2: Base on Balls
Mike Goad to second
Batting: RHB Miguel Leal 0-0: Swinging Strike
0-1: Ball
1-1: Swinging Strike
1-2: Ball
2-2: SINGLE (Groundball, 6M, EV 101.9 MPH)
Mike Goad to third
Steve Martin to second
Runner from 3rd tries for Home, SAFE, throw by CF to home
Batting: RHB Carlos Guadarrama 0-0: Ball
1-0: Ball
2-0: Ball
3-0: Base on Balls
Steve Martin to third
Miguel Leal to second
Batting: LHB Tatsuo Yasui 0-0: Ball
1-0: DOUBLE (Flyball, 78D, EV 92.5 MPH)
Steve Martin scores
Miguel Leal scores
Carlos Guadarrama to third
Batting: SHB Blake Abbott 0-0: Ball
1-0: Ball
2-0: SINGLE (Line Drive, 6D, EV 94.4 MPH)
Carlos Guadarrama scores
Tatsuo Yasui to third
Runner from 3rd tries for Home, throw by CF and OUT! 8-2
Pitching: RHP Brian Southworth
Batting: RHB James Boynton 0-0: Fly out, F6 (Popup, 6MS, EV 59.4 MPH)
Top of the 4th over - 6 runs, 4 hits, 1 error, 1 left on base; Charleston 6 - West Michigan 3
BOTTOM OF THE 4TH
West Michigan Whitecaps batting - Pitching for Charleston RiverDogs : RHP Danny Rasdall
Batting: RHB Tommy McDonald 0-0: Called Strike
0-1: Ball
1-1: Ball
2-1: Swinging Strike
2-2: Strikes out swinging
Batting: RHB Rocky Hart 0-0: Fly out, F5 (Line Drive, 5, EV 68.1 MPH)
Batting: RHB Travis Newton 0-0: Foul Ball, location: 2F
0-1: Swinging Strike
0-2: Foul Ball, location: 2F
0-2: Strikes out swinging
Bottom of the 4th over - 0 runs, 0 hits, 0 errors, 0 left on base; Charleston 6 - West Michigan 3
TOP OF THE 5TH
Charleston RiverDogs batting - Pitching for West Michigan Whitecaps : RHP Brian Southworth
Batting: SHB Reagan Dudley 0-0: Ball
1-0: Ball
2-0: Ball
3-0: Called Strike
3-1: Called Strike
3-2: Strikes out swinging
Batting: RHB Eric Blais 0-0: Ball
1-0: Foul Ball, location: 2F
1-1: Ground out 5-3 (Groundball, 56, EV 90.6 MPH)
Batting: SHB Mike Goad 0-0: Ball
1-0: Ball
2-0: Ball
3-0: Called Strike
3-1: Base on Balls
Batting: RHB Steve Martin 0-0: Called Strike
Mike Goad steals 2nd base (no throw)
0-1: Ground out U3 (Groundball, 34, EV 86.2 MPH)
Top of the 5th over - 0 runs, 0 hits, 0 errors, 1 left on base; Charleston 6 - West Michigan 3
BOTTOM OF THE 5TH
West Michigan Whitecaps batting - Pitching for Charleston RiverDogs : RHP Danny Rasdall
Batting: RHB Jon Pierce 0-0: Called Strike
0-1: Foul Ball, location: 2F
0-2: Strikes out swinging
Batting: RHB Bill Cabrera 0-0: Ground out 5-3 (Groundball, 5, EV 101.2 MPH)
Batting: RHB Dan Becvar 0-0: Ball
1-0: Called Strike
1-1: Ground out 6-3 (Groundball, 6, EV 106.9 MPH)
Bottom of the 5th over - 0 runs, 0 hits, 0 errors, 0 left on base; Charleston 6 - West Michigan 3
TOP OF THE 6TH
Charleston RiverDogs batting - Pitching for West Michigan Whitecaps : RHP Brian Southworth
Batting: RHB Miguel Leal 0-0: Called Strike
0-1: Called Strike
0-2: Ground out 6-3 (Groundball, 6, EV 103.8 MPH)
Batting: RHB Carlos Guadarrama 0-0: Called Strike
0-1: Called Strike
0-2: Ball
1-2: Strikes out looking
Batting: LHB Tatsuo Yasui 0-0: Fly out, F7 (Line Drive, 7D, EV 93.1 MPH)
Top of the 6th over - 0 runs, 0 hits, 0 errors, 0 left on base; Charleston 6 - West Michigan 3
BOTTOM OF THE 6TH
West Michigan Whitecaps batting - Pitching for Charleston RiverDogs : RHP Danny Rasdall
Batting: SHB Andy Vivas 0-0: Ball
1-0: Ball
2-0: Called Strike
2-1: Ball
3-1: Foul Ball, location: 2F
3-2: Strikes out swinging
Batting: LHB Gabe Mendez 0-0: Called Strike
0-1: Called Strike
0-2: Ground out 4-3 (Groundball, 4, EV 96.9 MPH)
Batting: RHB Vince Chipman 0-0: Ball
1-0: Ball
2-0: Foul Ball, location: 2F
2-1: Ball
3-1: Ground out 1-3 (Groundball, 13, EV 63.8 MPH)
Bottom of the 6th over - 0 runs, 0 hits, 0 errors, 0 left on base; Charleston 6 - West Michigan 3
TOP OF THE 7TH
Charleston RiverDogs batting - Pitching for West Michigan Whitecaps : RHP Brian Southworth
Pitching: RHP John Harrell
Batting: SHB Blake Abbott 0-0: Foul Ball, location: 2F
0-1: Ball
1-1: Called Strike
1-2: Foul Ball, location: 2F
1-2: Strikes out swinging
Batting: RHB James Boynton 0-0: Ball
1-0: Called Strike
1-1: Called Strike
1-2: Ball
2-2: Foul Ball, location: 2F
2-2: Fly out, F9 (Flyball, 9LM, EV 81.9 MPH)
Batting: SHB Reagan Dudley 0-0: Ball
1-0: SINGLE (Groundball, 6S, EV 64.4 MPH) (infield hit)
Batting: RHB Eric Blais 0-0: Ball
Wild Pitch!
Reagan Dudley to second
1-0: 2-RUN HOME RUN (Flyball, 7D, EV 95.6 MPH), Distance : 368 ft
Batting: SHB Mike Goad 0-0: Swinging Strike
0-1: Called Strike
0-2: Ball
1-2: Foul Ball, location: 2F
1-2: Ball
2-2: Ground out 1-3 (Groundball, 15S, EV 67.5 MPH)
Top of the 7th over - 2 runs, 2 hits, 0 errors, 0 left on base; Charleston 8 - West Michigan 3
BOTTOM OF THE 7TH
West Michigan Whitecaps batting - Pitching for Charleston RiverDogs : RHP Danny Rasdall
Pitching: RHP William Beran
Batting: RHB Tommy McDonald 0-0: Called Strike
0-1: Fly out, F9 (Flyball, 89M, EV 96.2 MPH)
Batting: RHB Rocky Hart 0-0: Called Strike
0-1: Called Strike
0-2: SOLO HOME RUN (Flyball, 7D, EV 100.0 MPH), Distance : 370 ft
Batting: RHB Travis Newton 0-0: Ball
1-0: Swinging Strike
1-1: Ball
2-1: Foul Ball, location: 2F
2-2: Strikes out swinging
Batting: RHB Jon Pierce 0-0: Ball
1-0: Swinging Strike
1-1: Ball
2-1: Ball
3-1: Called Strike
3-2: SINGLE (Groundball, P, EV 88.8 MPH) (infield hit)
Batting: RHB Bill Cabrera 0-0: Called Strike
0-1: Called Strike
0-2: Ball
1-2: Foul Ball, location: 2F
1-2: Fly out, F8 (Flyball, 8RD, EV 100.6 MPH)
Bottom of the 7th over - 1 run, 2 hits, 0 errors, 1 left on base; Charleston 8 - West Michigan 4
TOP OF THE 8TH
Charleston RiverDogs batting - Pitching for West Michigan Whitecaps : RHP John Harrell
Pitching: RHP Daisuke Tashima
Batting: RHB Steve Martin 0-0: Ball
1-0: Ball
2-0: Ball
3-0: Called Strike
3-1: Ground out 5-3 (Groundball, 56S, EV 70.0 MPH)
Batting: RHB Miguel Leal 0-0: Ball
1-0: Called Strike
1-1: Foul Ball, location: 2F
1-2: Ball
2-2: Fly out, F9 (Line Drive, 9, EV 95.6 MPH)
Batting: RHB Carlos Guadarrama 0-0: Ball
1-0: Foul Ball, location: 2F
1-1: Ball
2-1: Swinging Strike
2-2: Ball
3-2: Ground out 5-3 (Groundball, 5, EV 108.8 MPH)
Top of the 8th over - 0 runs, 0 hits, 0 errors, 0 left on base; Charleston 8 - West Michigan 4
BOTTOM OF THE 8TH
West Michigan Whitecaps batting - Pitching for Charleston RiverDogs : RHP William Beran
Batting: RHB Dan Becvar 0-0: Ball
1-0: Ball
2-0: Ball
3-0: Base on Balls
Batting: SHB Andy Vivas 0-0: Called Strike
0-1: Swinging Strike
0-2: Ball
1-2: Strikes out looking
Batting: LHB Gabe Mendez 0-0: Swinging Strike
0-1: Ball
1-1: Swinging Strike
1-2: Strikes out looking
Batting: RHB Vince Chipman 0-0: DOUBLE (Groundball, 3L, EV 101.2 MPH)
Dan Becvar to third
Runner from 3rd tries for Home, SAFE, throw by RF to home
Batting: RHB Tommy McDonald 0-0: Ball
1-0: Fly out, F8 (Flyball, 8LD, EV 103.1 MPH)
Bottom of the 8th over - 1 run, 1 hit, 0 errors, 1 left on base; Charleston 8 - West Michigan 5
TOP OF THE 9TH
Charleston RiverDogs batting - Pitching for West Michigan Whitecaps : RHP Daisuke Tashima
Pitching: RHP Vince Stocker
Batting: LHB Tatsuo Yasui 0-0: Ball
1-0: Foul Ball, location: 2F
1-1: Ball
2-1: DOUBLE (Line Drive, 89D, EV 107.5 MPH)
Batting: SHB Blake Abbott 0-0: Ball
1-0: Ball
2-0: Swinging Strike
2-1: Fly out, F8 (Flyball, 8RS, EV 90.6 MPH)
Batting: RHB James Boynton 0-0: Ball
1-0: Ball
2-0: Called Strike
2-1: Called Strike
2-2: Ball
3-2: Base on Balls
Batting: SHB Reagan Dudley 0-0: Ball
1-0: Foul Ball, location: 2F
1-1: Grounds out, U3 (Groundball, 3L, EV 105.0 MPH)
Tatsuo Yasui to third
Batting: RHB Eric Blais 0-0: Ball
1-0: SINGLE (Line Drive, 6D, EV 100.6 MPH)
Tatsuo Yasui scores
James Boynton to third
Runner from 3rd tries for Home, SAFE, throw by LF to home
Batting: SHB Mike Goad 0-0: Called Strike
0-1: Ball
1-1: Foul Ball, location: 2F
1-2: Ball
Eric Blais steals 2nd base
2-2: Foul Ball, location: 2F
2-2: Foul Ball, location: 2F
2-2: SINGLE (Groundball, 5S, EV 68.1 MPH) (infield hit)
Eric Blais to third
Pitching: RHP Dave Frazier
Batting: RHB Steve Martin 0-0: Ball
Wild Pitch!
Eric Blais scores
Mike Goad to second
1-0: Ball
2-0: Ball
3-0: Called Strike
3-1: Foul Ball, location: 2F
3-2: Base on Balls
Batting: RHB Miguel Leal 0-0: Ball
1-0: Ball
2-0: Ground out 4-3 (Groundball, 4, EV 81.2 MPH)
Top of the 9th over - 3 runs, 3 hits, 0 errors, 2 left on base; Charleston 11 - West Michigan 5
BOTTOM OF THE 9TH
West Michigan Whitecaps batting - Pitching for Charleston RiverDogs : RHP William Beran
Batting: RHB Rocky Hart 0-0: Foul Ball, location: 2F
0-1: Swinging Strike
0-2: Foul Ball, location: 2F
0-2: Strikes out swinging
Batting: RHB Travis Newton 0-0: Called Strike
0-1: Foul Ball, location: 2F
0-2: Ball
1-2: Foul Ball, location: 2F
1-2: Foul Ball, location: 2F
1-2: Ball
2-2: Ground out 4-3 (Groundball, 4S, EV 80.0 MPH)
Batting: RHB Jon Pierce 0-0: Ball
1-0: Ground out U3 (Groundball, 34, EV 90.6 MPH)
Bottom of the 9th over - 0 runs, 0 hits, 0 errors, 0 left on base; Charleston 11 - West Michigan 5
Thursday, March 31st , 2022 - OOTP Baseball 22.12 Build 89